[Event "USA Championship 2022"]
[Site "Saint Louis"]
[Date "2022.10.11"]
[Round "6.3"]
[White "Lenderman, Aleksandr"]
[Black "Shankland, Sam"]
[Result "1/2-1/2"]
[ECO "E08"]
[WhiteElo "2535"]
[BlackElo "2712"]
[Annotator "TA"]
[PlyCount "60"]
[EventDate "2022.09.05"]
[EventType "tourn"]
[EventCountry "USA"]
[SourceTitle "playchess.com"]
[Source "ChessBase"]
[SourceQuality "1"]
[TimeControl "40/5400+30:1800+30"]

1. d4 d5 2. c4 e6 3. Nf3 Nf6 4. g3 Bb4+ 5. Bd2 Be7 6. Bg2 O-O 7. O-O c6 8. Qc2 Nbd7 {[%emt 0:00:07] now supersedes 8...b6.} 9. Bf4 a5 10. Rd1 {[%emt 0:02:40] E08: Closed Catalan: Main Line: 7 Qc2.} h6 11. Ne5 Qb6 {[%emt 0:00:45] [#]} 12. Be3 $146 ({Predecessor:} 12. Nc3 Nxe5 13. Na4 Qa7 14. dxe5 Nd7 15. cxd5 cxd5 16. Be3 Qb8 17. f4 b5 18. Nc5 {½-½ (42) Filip,L (2438)-Vallejo Pons,F (2698) Skopje 2019}) 12... Qa6 13. Nd2 b5 (13... Nxe5 {is more complex.} 14. dxe5 Ng4 15. Bd4 c5) 14. Nxd7 Bxd7 15. c5 Be8 16. Bf4 Qa7 17. e4 g5 18. Be5 Ng4 19. Nf3 Nxe5 {[%emt 0:01:21] The position is equal.} 20. Nxe5 f6 21. Nxc6 Bxc6 22. exd5 Bxd5 23. Qg6+ Kh8 24. Qxh6+ Kg8 25. Qg6+ Kh8 26. Bxd5 exd5 27. Qh6+ Kg8 28. Qg6+ Kh8 29. Qh6+ Kg8 30. Qg6+ Kh8 {[%emt 0:00:29] Weighted Error Value: White=0.06 (flawless) /Black=0.06 (flawless)} 1/2-1/2

[Event "USA Championship 2022"]
[Site "Saint Louis"]
[Date "2022.10.11"]
[Round "6.4"]
[White "Niemann, Hans Moke"]
[Black "Robson, Ray"]
[Result "0-1"]
[ECO "A50"]
[WhiteElo "2699"]
[BlackElo "2690"]
[Annotator "TA"]
[PlyCount "70"]
[EventDate "2022.09.05"]
[EventType "tourn"]
[EventCountry "USA"]
[SourceTitle "playchess.com"]
[Source "ChessBase"]
[SourceQuality "1"]
[TimeControl "40/5400+30:1800+30"]

1. d4 Nf6 2. c4 e6 3. Bf4 d5 4. cxd5 Nxd5 5. Bg3 c5 6. e4 {[%emt 0:00:07] A50: Queen's Fianchetto Defence (1 d4 Nf6 2 c4 b6).} Nf6 7. Nd2 Nc6 {[%emt 0:12:24] [#]} (7... Qxd4 $15 8. Ngf3 Qd8) 8. dxc5 $146 {[%emt 0:00:09] The position is equal.} ({Predecessor:} 8. e5 Nd7 9. Ngf3 cxd4 10. Bc4 Be7 11. O-O O-O 12. Rc1 Nc5 13. a3 a5 14. Nb3 {1-0 (55) Carlsen,M (2847)-So,W (2772) chess24.com INT 2021}) 8... Bxc5 9. e5 Nd5 10. Ngf3 O-O 11. a3 b6 12. Ne4 a5 13. Rc1 Nce7 14. Bd3 Ba6 15. Bxa6 Rxa6 16. O-O Qa8 17. Re1 {[%emt 0:08:12] Prevents Ne3.} Nf5 18. Nh4 Nxg3 19. hxg3 Be7 20. Qh5 b5 21. Nf3 Rc6 22. Rcd1 (22. Nd4 $11 Rxc1 23. Rxc1) 22... Rc2 $15 23. b3 (23. Nfg5 h6 24. Nh3 Rxb2 $17) 23... Ra2 24. Nd4 (24. Nfg5 h6 25. Nf3 Rxa3 $17) 24... Rxa3 25. f4 (25. Qg4 $15 Qc8 26. Nd6 Bxd6 27. exd6) 25... Ra2 (25... Bb4 $17 26. Re2 (26. Nxb5 $2 Rxb3 27. Re2 a4 $19) 26... a4) 26. f5 {[%emt 0:00:57] This costs White the game.} ({White should try} 26. Nxb5 $15 Qa6 27. Nd4) 26... Nc3 $1 $19 27. f6 (27. Qf3 {was necessary.} Nxd1 28. Rxd1) 27... Bxf6 $1 {[%emt 0:00:22] Chess con chili.} ({Much less strong is} 27... Nxe4 28. fxe7 Re8 29. Qf3 $18) (27... Nxd1 {is a self mate.} 28. Qg5 (28. fxe7 Re8 $16) 28... g6 29. Qh6) 28. Nxf6+ (28. exf6 Nxe4 29. fxg7) 28... gxf6 {[%emt 0:00:01][%csl Ga2][%cal Ra8g2] Black is clearly winning.} 29. Nf3 Nxd1 30. exf6 {[%emt 0:02:41] [#] Intending Qg5+ and mate.} Kh8 $1 {[%emt 0:00:16] Threatens to win with ...Qa7+.} 31. Rxd1 {[%emt 0:00:18] [#] Rd4 is the strong threat.} Rg8 $1 32. Kh2 Qe4 {[%emt 0:00:46][%cal Oa2g2] ( -> ...Rxg2+!)} 33. Rd7 Qe2 34. Qh3 Qxf3 $1 35. Rxf7 {[%emt 0:00:02] [#]} Rxg2+ $3 {[%emt 0:00:22] Weighted Error Value: White=0.57/Black=0.05 (flawless)} 0-1

[Event "USA Championship 2022"]
[Site "Saint Louis"]
[Date "2022.10.11"]
[Round "6.5"]
[White "Sevian, Samuel"]
[Black "Xiong, Jeffery"]
[Result "1/2-1/2"]
[ECO "D41"]
[WhiteElo "2684"]
[BlackElo "2690"]
[Annotator "TA"]
[PlyCount "73"]
[EventDate "2022.09.05"]
[EventType "tourn"]
[EventCountry "USA"]
[SourceTitle "playchess.com"]
[Source "ChessBase"]
[SourceQuality "1"]
[TimeControl "40/5400+30:1800+30"]

1. d4 Nf6 2. Nf3 d5 3. c4 e6 4. Nc3 c5 5. cxd5 cxd4 6. Qxd4 exd5 7. e4 {[%emt 0:02:02] D41: Queen's Gambit Declined: Semi-Tarrasch with 5 cxd5.} dxe4 $1 {[%emt 0:00:31][%mdl 4] outshines the older 7...Nc6.} 8. Qxd8+ Kxd8 9. Ng5 {[%emt 0:00:10][%csl LRe4,LRf7] White has an edge.} Be6 10. a3 {[%emt 0:00:25] Inhibits Bb4.} Nbd7 11. Bf4 Bb3 12. Ngxe4 {[%emt 0:04:24] [#]} Rc8 $146 ({Predecessor:} 12... Nxe4 13. Nxe4 Nc5 14. Nd2 Ba4 15. Bc4 Be7 16. b3 Bd7 17. O-O Rc8 18. Bg3 Ke8 {½-½ (31) Urkedal,F (2563)-Carlsson,L (2396) Kvisla 2021}) 13. Nxf6 Nxf6 14. Be2 Bc5 $1 15. O-O Re8 $1 16. Bf3 Re7 17. Rfe1 Rd7 18. Be5 Be7 19. Re3 Be6 20. Rae1 a6 (20... Bc5 $5 ) 21. h3 Bd6 (21... Bc5 {seems wilder.} 22. R3e2 b5 23. Rd1 b4) 22. Bxb7 Rxc3 $1 $11 23. Rxc3 Bxe5 24. Rxe5 Rxb7 25. b4 Rb5 26. Re1 a5 27. Rd1+ Nd5 28. bxa5 Rxa5 29. Rc4 Rxa3 30. Rc5 {[%emt 0:00:05] The position is equal.} Ke7 31. Rcxd5 Bxd5 32. Rxd5 {[%emt 0:00:05] KR-KR} Ra1+ 33. Kh2 Ra2 34. Kg1 Ra1+ 35. Kh2 Ra2 36. Kg1 Ra1+ 37. Kh2 {[%emt 0:00:32] Weighted Error Value: White=0.10 (very precise) /Black=0.08 (flawless)} 1/2-1/2

[Event "USA Championship 2022"]
[Site "Saint Louis"]
[Date "2022.10.11"]
[Round "6.6"]
[White "Aronian, Levon"]
[Black "Swiercz, Dariusz"]
[Result "0-1"]
[ECO "A11"]
[WhiteElo "2755"]
[BlackElo "2652"]
[Annotator "TA"]
[PlyCount "146"]
[EventDate "2022.09.05"]
[EventType "tourn"]
[EventCountry "USA"]
[SourceTitle "playchess.com"]
[Source "ChessBase"]
[SourceQuality "1"]
[TimeControl "40/5400+30:1800+30"]

1. c4 e6 2. Nf3 d5 3. e3 Nf6 4. Nc3 c6 5. b3 Bd6 6. Bb2 O-O 7. Rc1 {[%emt 0:00:38] A11: English Opening: 1...c6.} Nbd7 {[%emt 0:02:43] [#]} 8. h3 $146 ({Predecessor:} 8. g3 a6 9. Bg2 e5 10. O-O e4 11. Ne1 Ne5 12. f4 exf3 13. Nxf3 Nd3 14. Ba1 Nxc1 15. Qxc1 {0-1 (46) Flores,D (2599)-Shankland,S (2683) Chess.com INT 2020}) 8... dxc4 9. Bxc4 {[%emt 0:00:44] The position is equal.} b5 10. Bd3 Bb7 11. Ne4 Be7 12. h4 h6 13. Nfg5 c5 (13... hxg5 $2 14. hxg5 g6 15. gxf6 Bxf6 16. Nxf6+ Qxf6 17. Bxf6 $18) 14. Qf3 (14. Qc2 $11 {remains equal.}) 14... Nxe4 (14... hxg5 15. hxg5 Bxe4 16. Qh3 $18) (14... Rb8 $17 15. Bb1 Qa5) 15. Bxe4 $11 Bxe4 16. Qxe4 Bxg5 17. hxg5 Qxg5 18. Rh3 e5 19. Rg3 Qh5 20. Qc6 Rad8 21. Qxb5 Nf6 22. Qc6 {[%emt 0:01:12] Inhibits Ne4. And now Qxf6 would win.} Nd5 (22... Qh1+ 23. Ke2 Qh5+ 24. Qf3 $16) 23. Qxc5 Rfe8 24. Rc4 {[%emt 0:09:27][%mdl 8192] Against Nf4} (24. Qc4 $11) 24... Qh1+ $19 25. Ke2 Qb1 $1 (25... Nf6 26. f3 (26. Rc1 $2 Qh5+ 27. Rf3 Rxd2+ 28. Kxd2 Ne4+ 29. Ke2 Nxc5 $19) 26... Rd5 27. Qxa7 $17 (27. Rc1 $2 Qh2 $19)) 26. Qa3 {[%emt 0:01:57] [#]} (26. Bc1 {is tougher.}) 26... Nf4+ $1 27. Rxf4 Qd3+ $1 28. Kf3 Qd5+ ({Weaker is} 28... Qxd2 29. Rxg7+ Kxg7 30. Qxa7 Qd5+ 31. Kg3 $15) 29. Re4 f5 {[%emt 0:00:01][%cal Bf7f5,Bf5f4][%mdl 96] Pin} 30. Bc3 Qxe4+ 31. Ke2 f4 32. Rf3 Qd3+ 33. Ke1 Qb1+ $2 (33... g5 34. Rh3 g4) 34. Ke2 Qd3+ $2 (34... Qf5 {aiming for ...g5.} 35. Qa6 Kh7) 35. Ke1 Rd7 ({Don't go for} 35... Qb1+ $2 36. Ke2 $19) (35... g5 $142 36. Rh3 g4) 36. Qa4 Qb1+ 37. Ke2 Qd3+ 38. Ke1 Kh7 39. Qc4 Qxc4 {[%emt 0:00:29] Chess con chili.} 40. bxc4 {[%emt 0:00:01][%mdl 4096] Endgame KRR-KRB} g5 41. Rh3 Rc7 42. d3 Rc6 {[%emt 0:00:03] Threatens to win with ...Ra6.} 43. exf4 $2 (43. a4) 43... exf4+ 44. Kd1 Ra6 45. d4 Rxa2 46. c5 (46. Bd2 $142 Ra4 47. Rc3) 46... Rb8 $2 (46... Rxf2 47. Bd2 Rxg2) 47. Kc1 $2 (47. Bd2 Kg6 48. d5) 47... Rxf2 {[%emt 0:04:56] White must now prevent ...g4.} 48. d5 g4 49. Rh1 g3 50. c6 f3 ({Inferior is} 50... Rxg2 51. c7 Rc8 52. d6 $11) 51. c7 Rc8 52. d6 fxg2 53. Rd1 Rf1 54. Bd4 h5 {[%emt 0:02:12][%cal Bh6h5,Bh5h4][%mdl 32] ...h4 is the strong threat.} 55. Kc2 h4 {[%emt 0:00:29] ( -> ...h3)} 56. Bc5 Rf5 (56... h3 $142 57. Rd5 {[#]} Rf2+ $1 58. Kb3 g1=Q 59. Rd4 Qb1+ 60. Ka4 Ra2+ 61. Ba3 Rxa3+ $1 62. Kxa3 Qa1+ 63. Kb3 Qxd4 64. d7 Rxc7 65. d8=Q Rc3+ 66. Ka2 Qa4+ 67. Kb2 Qc2+ 68. Ka1 Ra3#) 57. Bxa7 Kg6 (57... h3 $142 58. Kb3 Rb5+ 59. Kc4 Rb7) 58. Bb6 Rf7 {[%emt 0:00:07] Strongly threatening ...h3.} 59. Rd2 Kf5 (59... h3 $142 60. Bg1 Kf5 61. Rd5+ Ke6) 60. Rxg2 Ke6 61. Bc5 {[%emt 0:00:00] [#]} Rfxc7 $1 {[%emt 0:00:34][%mdl 512] Black mates.} 62. dxc7 Rxc7 63. Kd3 Rxc5 {[%emt 0:00:04] KR-KR} 64. Ke4 Rc4+ 65. Kf3 Kf5 66. Ra2 Rf4+ 67. Kg2 Kg4 68. Kh1 Rd4 69. Ra1 h3 70. Rb1 Kf3 71. Rb3+ Kf2 72. Rb2+ Ke3 73. Rb1 Ke2 {[%emt 0:00:11] Weighted Error Value: White=0.64/Black=0.48} 0-1

[Event "USA Championship 2022"]
[Site "Saint Louis"]
[Date "2022.10.11"]
[Round "6.7"]
[White "Liang, Awonder"]
[Black "Yoo, Christopher Woojin"]
[Result "1/2-1/2"]
[ECO "B47"]
[WhiteElo "2608"]
[BlackElo "2563"]
[Annotator "TA"]
[PlyCount "94"]
[EventDate "2022.09.05"]
[EventType "tourn"]
[EventCountry "USA"]
[SourceTitle "playchess.com"]
[Source "ChessBase"]
[SourceQuality "1"]
[TimeControl "40/5400+30:1800+30"]

1. e4 c5 2. Nf3 e6 3. d4 cxd4 4. Nxd4 Nc6 5. Nc3 Qc7 6. Be2 Nf6 7. Ndb5 $1 {[%emt 0:00:22][%mdl 4] is currently scoring better than 7.0-0. B47: Sicilian: Taimanov: 5 Nc3 Qc7 6 f4, 6 g3 and 6 Be2.} Qb8 8. f4 d6 {[%emt 0:00:58] Inhibits e5.} 9. Be3 Be7 10. g4 h6 {[%emt 0:11:46] [#]} 11. Nd4 $146 ({Predecessor:} 11. a4 b6 12. Qd2 a6 13. Na3 d5 14. exd5 Nxd5 15. Nxd5 exd5 16. Qxd5 Bb7 17. O-O {0-1 (39) Ciurlanti,F (2079)-Liascovich,L (2424) Villa Martelli 2010}) 11... Bd7 12. h4 {[%emt 0:04:54] White is more active.} (12. g5 $16 hxg5 13. fxg5) 12... Nxd4 $11 13. Qxd4 b5 14. Rg1 b4 15. Nd1 d5 (15... e5 $5 16. fxe5 dxe5 $15) 16. Nf2 {[%emt 0:08:37] aiming for g5.} dxe4 17. O-O-O {[%emt 0:00:31] Black must now prevent g5.} Qb6 18. Nxe4 Qxd4 19. Rxd4 Nd5 20. Bd2 Bc6 21. f5 Bxh4 22. fxe6 fxe6 23. g5 hxg5 24. Bxg5 Bxg5+ 25. Nxg5 Ke7 26. Bg4 {[%emt 0:01:51][%mdl 1024] White has compensation.} e5 (26... Ne3 $11 {might be stronger.}) 27. Rc4 $14 Rh6 28. Re1 {[%emt 0:01:23] Against Ne3} (28. Bf3 $5 Rf8 {[#]} 29. Rxc6 $1 Rxc6 30. Bxd5 $14) 28... Rf8 $1 {[%emt 0:05:25] [#]} 29. Ne6 $1 Bb5 {[%emt 0:03:14] The position is equal.} 30. Rc5 Rf1 31. Rxf1 Bxf1 32. Rxd5 Bc4 33. Ra5 Bxe6 34. Rxa7+ $11 {[%emt 0:00:01][%mdl 4096] Endgame KRB-KRB} Kf6 35. Ra6 Ke7 36. Ra7+ Kf6 37. Bxe6 Kxe6 38. Rxg7 {[%emt 0:00:03] KR-KR} Rh1+ 39. Kd2 Rh2+ 40. Kd3 e4+ 41. Kxe4 {[%emt 0:30:10] Kd3 is the strong threat.} Rxc2 42. Kd4 Rxb2 43. Kc4 Rxa2 44. Kxb4 Rf2 45. Rh7 Rf7 46. Rh6+ Rf6 47. Rxf6+ Kxf6 {[%emt 0:00:03] Weighted Error Value: White=0.10 (very precise) /Black=0.06 (flawless)} 1/2-1/2

[Event "USA Championship 2022"]
[Site "Saint Louis"]
[Date "2022.10.12"]
[Round "7.1"]
[White "Xiong, Jeffery"]
[Black "Liang, Awonder"]
[Result "1/2-1/2"]
[ECO "D02"]
[WhiteElo "2690"]
[BlackElo "2608"]
[Annotator "TA"]
[PlyCount "104"]
[EventDate "2022.09.05"]
[EventType "tourn"]
[EventCountry "USA"]
[SourceTitle "playchess.com"]
[Source "ChessBase"]
[SourceQuality "1"]
[TimeControl "40/5400+30:1800+30"]

1. d4 d5 2. Nf3 Nf6 3. g3 c5 4. Bg2 cxd4 5. O-O Nc6 6. Nxd4 e5 7. Nxc6 bxc6 8. c4 Be6 9. Qa4 {[%emt 0:17:48] D02: 1 d4 d5 2 Nf3 sidelines, including 2...Nf6 3 g3 and 2...Nf6 3 Bf4.} Qd7 10. Nc3 Rc8 11. cxd5 {[%emt 0:05:03] White is slightly better.} cxd5 12. Qxd7+ Kxd7 13. Rd1 Bc5 14. Nxd5 Nxd5 15. Bxd5 Bxd5 {[%emt 0:00:11][%mdl 64] [#] Remove Defender} 16. Rxd5+ Ke6 17. Rd2 Rhd8 18. Kf1 Bb6 {[%emt 0:01:19][%cal Oc8c1] ...Rxc1+! is the strong threat.} 19. Rxd8 Rxd8 20. Be3 Bxe3 21. fxe3 $14 {[%emt 0:00:02][%mdl 4096] [#] Endgame KR-KR} Rc8 $146 {[%emt 0:13:08] Inhibits Rc1.} ({Predecessor:} 21... a5 22. Rc1 Rd2 23. Rc6+ Kf5 24. Rb6 Rd1+ 25. Kf2 Rb1 26. Rb7 f6 27. Rxg7 Rxb2 {½-½ (63) Keymer,V (2655)-Huschenbeth,N (2611) Germany 2022}) 22. Ke1 f6 23. Rd1 Rc2 24. Rd2 Rc1+ 25. Rd1 Rc2 26. Rd2 Rc1+ 27. Kf2 h5 28. e4 g5 29. Rd5 {[%emt 0:03:29] Black must now prevent Ra5.} Rh1 30. Kg2 Re1 31. Kf2 Rh1 32. Ra5 (32. h3 $5 ) 32... Rxh2+ {[%emt 0:00:03] The position is equal.} 33. Kf1 Rh1+ 34. Kg2 Rb1 35. Ra6+ Kf7 36. Rxa7+ Kg6 37. Rb7 Ra1 38. a3 g4 39. Kf2 Kg5 40. Rg7+ Kh6 41. Ra7 Rb1 42. Rb7 Ra1 43. Rd7 Kg5 44. Rd8 Ra2 45. Rg8+ Kh6 46. Rb8 Ra1 47. Rb3 Kg5 48. Rb6 Kg6 49. Ra6 Rb1 50. Rb6 Ra1 51. Ra6 Rb1 52. Rb6 Ra1 {[%emt 0:00:56] Weighted Error Value: White=0.05 (flawless) /Black=0.02 (flawless)} 1/2-1/2

[Event "USA Championship 2022"]
[Site "Saint Louis"]
[Date "2022.10.12"]
[Round "7.2"]
[White "Swiercz, Dariusz"]
[Black "Niemann, Hans Moke"]
[Result "1-0"]
[ECO "E11"]
[WhiteElo "2652"]
[BlackElo "2699"]
[Annotator "TA"]
[PlyCount "55"]
[EventDate "2022.09.05"]
[EventType "tourn"]
[EventCountry "USA"]
[SourceTitle "playchess.com"]
[Source "ChessBase"]
[SourceQuality "1"]
[TimeControl "40/5400+30:1800+30"]

1. d4 Nf6 2. c4 e6 3. g3 Bb4+ 4. Bd2 Be7 5. Bg2 d5 6. Nf3 O-O 7. O-O Nbd7 8. Qc2 c6 9. Rd1 b6 10. b3 a5 {[%emt 0:01:29] E11: Bogo-Indian.} 11. Bc3 Bb7 12. Nbd2 Qc7 {[%emt 0:00:16] The position is equal.} (12... c5 {looks sharper.} 13. Ne5 cxd4 14. Bxd4 Bc5) 13. Rac1 Rac8 14. Qb1 c5 15. cxd5 Bxd5 16. e4 Bb7 17. Bb2 Qb8 18. e5 Nd5 19. Nc4 {[%emt 0:00:06] [#]} Qa8 $146 ({Better is} 19... Rfd8 $11) ({Predecessor:} 19... h6 20. Re1 cxd4 21. Bxd4 Nb4 22. Nd6 Bxd6 23. exd6 Qxd6 24. Rcd1 Bd5 25. Bb2 Rfd8 {0-1 (52) Hera,I (2614)-Volokitin,A (2633) Hungary 2019}) 20. dxc5 Nxc5 21. Nd6 {[%emt 0:11:15] White is more active.} Bxd6 ({Black should play} 21... Rcd8) 22. Ng5 $16 ({Don't do} 22. exd6 $6 Nf4 $1 23. gxf4 Bxf3 $11) 22... g6 23. exd6 $18 Qb8 $2 (23... Rce8 {is more resistant.} 24. Rxc5 bxc5) 24. Rc4 {[%emt 0:03:49] White is clearly winning.} h6 {[%emt 0:02:43] [#]} (24... Qxd6 $142 25. Rh4 Qe7) 25. Nxe6 $1 Nxe6 26. Bxd5 Bxd5 27. Rxd5 {[%emt 0:00:04] Threatens to win with Rh4.} Qb7 28. d7 {[%emt 0:03:26] Weighted Error Value: White=0.33/Black=0.64} 1-0

[Event "USA Championship 2022"]
[Site "Saint Louis"]
[Date "2022.10.12"]
[Round "7.3"]
[White "Yoo, Christopher Woojin"]
[Black "Aronian, Levon"]
[Result "1/2-1/2"]
[ECO "C56"]
[WhiteElo "2563"]
[BlackElo "2755"]
[Annotator "TA"]
[PlyCount "39"]
[EventDate "2022.09.05"]
[EventType "tourn"]
[EventCountry "USA"]
[SourceTitle "playchess.com"]
[Source "ChessBase"]
[SourceQuality "1"]
[TimeControl "40/5400+30:1800+30"]

1. e4 e5 2. Nf3 Nc6 3. Bc4 Nf6 4. d4 exd4 5. e5 Ne4 6. Qe2 Nc5 $1 (6... Bb4+ $2 7. Kd1 $16) 7. O-O {[%emt 0:00:28] C56: Two Knights: 4 d4 exd4 5 0-0 Nxe4.} Ne6 $1 {[%emt 0:00:18][%mdl 4] outshines the older 7...Be7.} 8. c3 d5 9. exd6 $1 Bxd6 10. Bg5 Be7 11. Bxe7 Qxe7 12. Rd1 {[%emt 0:04:10][%cal Rc3d4] [#]} Nf4 $146 ({Predecessor:} 12... O-O 13. cxd4 Nf4 14. Qe3 Qf6 15. Nc3 Bg4 16. Ne4 Qh6 17. Neg5 Bxf3 18. Nxf3 Rae8 {1-0 (78) Paulik,V (2353)-Dolezal,P (2089) ICCF email 2017}) 13. Qd2 Qf6 {[%emt 0:01:20] aiming for ...0-0.} 14. cxd4 O-O {[%emt 0:00:27] [#] Strongly threatening ...Bg4.} 15. Nc3 Bg4 (15... Nh3+ $5 16. gxh3 Qxf3 $15) 16. Ne4 {[%emt 0:03:21] The position is equal.} Qf5 17. Ng3 Qf6 {[%emt 0:00:01][%cal Of4g2] Hoping for ...Nxg2!} 18. Ne4 Qf5 19. Ng3 Qf6 {[%emt 0:00:04][%cal Of4g2] [#] And now ...Nxg2! would win.} 20. Ne4 {[%emt 0:00:22] An even fight not without its subleties.  Weighted Error Value: White=0.02 (flawless) /Black=0.02 (flawless)} 1/2-1/2

[Event "USA Championship 2022"]
[Site "Saint Louis"]
[Date "2022.10.12"]
[Round "7.4"]
[White "Caruana, Fabiano"]
[Black "Lenderman, Aleksandr"]
[Result "1-0"]
[ECO "D11"]
[WhiteElo "2763"]
[BlackElo "2535"]
[Annotator "TA"]
[PlyCount "101"]
[EventDate "2022.09.05"]
[EventType "tourn"]
[EventCountry "USA"]
[SourceTitle "playchess.com"]
[Source "ChessBase"]
[SourceQuality "1"]
[TimeControl "40/5400+30:1800+30"]

1. c4 c6 2. d4 d5 3. Nf3 Nf6 4. Qc2 dxc4 5. e4 b5 6. b3 {[%emt 0:02:00] D11: Slav Defence: 3 Nf3 sidelines and 3...Nf6 4 e3 Bg4.} cxb3 7. axb3 e6 8. Bd3 {[%emt 0:00:19] The position is equal.} a6 9. O-O {[%emt 0:01:37][%mdl 1024] White has compensation.} Be7 10. Nc3 Bb7 11. Rd1 h6 {[%emt 0:03:55] [#]} 12. Qe2 $146 ({Predecessor:} 12. h3 Nbd7 13. Be3 Rc8 14. e5 Nd5 15. Nxd5 cxd5 16. Qd2 Nb8 17. b4 Rc4 18. Rab1 {0-1 (39) Firouzja,A (2728)-Caruana,F (2835) chess24.com INT 2020}) 12... Nbd7 13. e5 Nd5 14. Nxd5 cxd5 15. Ne1 Qb6 16. Qg4 g6 17. Bd2 b4 18. Be3 a5 19. Qe2 Kf8 20. g3 Ba6 (20... Kg7 {is more complex.} 21. h4 Ba6 22. h5 g5) 21. h4 h5 22. Nf3 Kg7 23. Bg5 Rhe8 24. Rdc1 Bxd3 25. Qxd3 Bxg5 26. Nxg5 Rac8 (26... Kg8 $11 {keeps the balance.}) 27. Kg2 {[%emt 0:03:30] White is more active.} ({Don't play} 27. Qf3 Rxc1+ 28. Rxc1 Re7 $11) (27. Rxc8 $16 Rxc8 28. Qf3) 27... f6 28. exf6+ Nxf6 29. Qe2 $40 {[%emt 0:10:01][%mdl 128] Black needs to defend precisely.} (29. Qe3 $14 Rxc1 30. Rxc1) 29... Kg8 $2 {[%emt 0:13:24][%mdl 8192] This costs Black the game.} (29... Ne4 $1 $11) 30. Rxc8 $18 Rxc8 {[%emt 0:00:01] [#]} 31. Rxa5 $3 {[%emt 0:00:13][%mdl 512] Threatens to win with Ra6.} Re8 32. Ra6 Qxd4 (32... Qc7 $142 33. Qd3 (33. Nxe6 Qf7 $16) 33... Ne4 34. Nxe6 Rxe6) 33. Rxe6 Rf8 34. Qc2 Ne4 35. Rxg6+ Kh8 36. Rh6+ Kg8 37. Nxe4 dxe4 38. Rxh5 {[%emt 0:00:49][%mdl 4096] Endgame KQR-KQR} Qf6 39. Rg5+ Kh8 40. Qe2 {[%emt 0:00:58] Qh5+ would kill now.} Qf3+ 41. Qxf3 exf3+ {[%emt 0:30:06] KR-KR} 42. Kh3 Rc8 43. Rg4 Rc2 44. Rxb4 Rxf2 45. Kg4 {[%emt 0:00:17] Hoping for Rb7.} Rf1 46. Rb7 Kg8 47. b4 Kh8 48. b5 {[%emt 0:00:05] White mates.} Kg8 49. b6 Kh8 50. Rb8+ Kg7 51. b7 {[%emt 0:00:04] Weighted Error Value: White=0.10 (very precise) /Black=0.29 (precise)} 1-0

[Event "USA Championship 2022"]
[Site "Saint Louis"]
[Date "2022.10.12"]
[Round "7.5"]
[White "Robson, Ray"]
[Black "So, Wesley"]
[Result "1-0"]
[ECO "E50"]
[WhiteElo "2690"]
[BlackElo "2774"]
[Annotator "TA"]
[PlyCount "69"]
[EventDate "2022.09.05"]
[EventType "tourn"]
[EventCountry "USA"]
[SourceTitle "playchess.com"]
[Source "ChessBase"]
[SourceQuality "1"]
[TimeControl "40/5400+30:1800+30"]

1. d4 Nf6 2. c4 e6 3. Nc3 Bb4 4. e3 O-O 5. Nf3 Bxc3+ 6. bxc3 {[%emt 0:00:13] E50: Nimzo-Indian: Rubinstein: 4...0-0 5 Nf3.} d6 7. Bd3 e5 {[%emt 0:00:07] Hoping for ...e4. is currently scoring better than 7...Nbd7.} 8. e4 {[%emt 0:00:54] The position is equal.} Re8 9. O-O exd4 10. cxd4 {[%emt 0:00:36] aiming for e5.} Nxe4 11. Re1 Nf6 12. Rxe8+ Qxe8 13. h3 Nbd7 {[%emt 0:03:43] [#]} 14. Qc2 $146 ({Predecessor:} 14. Bb2 d5 15. Qb3 Qd8 16. Re1 Nf8 17. cxd5 Nxd5 18. Bc4 Be6 19. Ba3 Nb6 20. Bxe6 Nxe6 21. Rxe6 fxe6 22. Qxe6+ Kh8 {½-½ (22) Kolpak,S (2311)-Jugl,P (2310) ICCF email 2019}) 14... b6 15. Bb2 Bb7 16. d5 Qf8 17. g4 h6 18. Kh2 c6 (18... b5 $11) 19. g5 $1 $36 {[%emt 0:16:26][%mdl 2048] White has good play. White is more active.} hxg5 20. Nxg5 {[%emt 0:02:20] And now Bh7+ would win.} cxd5 $2 {[%emt 0:10:30] Loses the game.} (20... Qe7 $1 $11) 21. Bh7+ $18 {[%emt 0:18:06] A strong pair of Bishops.} Kh8 22. Bf5 {[%emt 0:00:28] Black must now prevent Bxd7.} Ne5 23. f4 $1 Ng6 (23... Nxc4 $2 24. Qf2 Kg8 25. Qh4) (23... Qe7 {is tougher.}) 24. Bxf6 {[%emt 0:02:08] White is clearly winning.} gxf6 {[%emt 0:00:04] [#]} 25. Nxf7+ {[%emt 0:00:30][%mdl 576] Remove Defender} Qxf7 26. Bxg6 Qe7 {[%emt 0:07:00] Strongly threatening ...Qe3.} 27. Qf2 {[%emt 0:05:48] Inhibits Qe3.} f5 28. Rg1 Rg8 {[%emt 0:02:10] Threatens to win with ...Qf6.} 29. Rg5 {[%emt 0:09:31] Qh4+ would kill now.} Rg7 30. Qh4+ Kg8 {[%emt 0:00:01] [#]} 31. Qh5 $1 {[%emt 0:01:00] White threatens Bh7+ and mate.} ({Inferior is} 31. Bxf5 Qe2+ 32. Kg1 Qe3+ 33. Kh2 (33. Kh1 dxc4+ 34. Kh2 Qd2+ 35. Kg1 Qd4+ 36. Kf1 Bd5 $17) 33... Qe2+ 34. Kg1 Qe3+ 35. Kh2 (35. Kh1 dxc4+ 36. Kh2 Qd2+ 37. Kg1 Qd4+ 38. Kf1 Bd5 $17) 35... Qd2+ 36. Kg1 Qe3+ $11) 31... Bc8 32. cxd5 a5 33. Qh6 b5 34. Bh7+ Kf8 {[%emt 0:00:01] [#]} 35. Rg2 $1 {[%emt 0:00:36] Weighted Error Value: White=0.05 (flawless) /Black=0.35} 1-0

[Event "USA Championship 2022"]
[Site "Saint Louis"]
[Date "2022.10.12"]
[Round "7.6"]
[White "Dominguez Perez, Leinier"]
[Black "Moradiabadi, Elshan"]
[Result "1-0"]
[WhiteElo "2747"]
[BlackElo "2534"]
[Annotator "TA"]
[PlyCount "34"]
[EventDate "2022.09.05"]
[EventType "tourn"]
[EventCountry "USA"]
[SourceTitle "playchess.com"]
[Source "ChessBase"]
[SourceQuality "1"]
[TimeControl "40/5400+30:1800+30"]

1. e4 e5 2. Nf3 Nf6 3. Nxe5 d6 4. Nf3 Nxe4 5. d4 d5 6. Bd3 Be7 7. O-O Bf5 8. c4 O-O 9. cxd5 Qxd5 $2 {[%emt 0:00:27] [#]} (9... Bf6 $16) 10. Bxe4 {[%emt 0:00:40] [#] C42: Petroff Defence: 3 Nxe5 and unusual White 3rd moves.} {Predecessor:} Bxe4 $146 11. Nc3 Bxf3 12. Nxd5 Bxd5 13. Bf4 c6 14. Re1 Bb4 15. Re3 Rd8 16. Qg4 Nd7 17. Bh6 g6 {1-0 (30) Baklan,V (2617)-Law,N (2208) Hoogeveen 2011} 1-0